 Dungeon Crawl Stone Soup version 0.29.1-4-g47bece8355 (webtiles) character file.

Game seed: 15752314340259706816

47402 croobank the Covert (level 14, -1/108 HPs)
             Began as a Demonspawn Conjurer on Dec 10, 2022.
             Was an Initiate of Gozag.
             Killed by the air
             ... invoked by a wind drake
              (22 damage)
             ... on level 5 of the Lair of Beasts.
             The game lasted 01:49:36 (27491 turns).

croobank the Covert (Demonspawn Conjurer)          Turns: 27491, Time: 01:49:37

Health: -1/108     AC: 10    Str: 21    XL:     14   Next: 8%
Magic:  19/27      EV: 14    Int: 24    God:    Gozag
Gold:   2130       SH:  0    Dex: 13    Spells: 15/31 levels left

rFire   . . .      SeeInvis .   a - +1 war axe (spect)
rCold   . . .      Faith    .   (no shield)
rNeg    . . .      Spirit   .   U - +1 ring mail {rPois}
rPois   +          Reflect  .   (helmet unavailable)
rElec   .          Harm     .   L - +0 cloak
rCorr   .          Rampage  .   (no gloves)
Will    +....                   (no boots)
Stlth   +++++.....              (no amulet)
HPRegen 0.28/turn               T - ring of Sophism {Drain Str+6 Dex+4 Stlth+}
MPRegen 0.20/turn               z - +6 ring of strength

@: no status effects
A: horns 3, yellow scales 2, demonic guardian 2, spiny 2, talons 1, clumsy 1,
sense surroundings 1
a: Renounce Religion, Potion Petition, Call Merchant, Bribe Branch


You were on level 5 of the Lair of Beasts.
You worshipped Gozag.
Gozag was most pleased with you.
You visited 3 branches of the dungeon, and saw 18 of its levels.

You collected 3038 gold pieces.
You spent 264 gold pieces at shops.
You paid 644 gold pieces to Gozag.

Inventory:

Hand Weapons
 a - a +1 spectral war axe (weapon)
 b - the +5 sling of Cijal {vorpal, rF+ rC+ rCorr Str-5}
   (You found it on level 2 of the Dungeon)

   Any ammunition fired from it inflicts extra damage upon your enemies.
   Str:       It affects your strength (-5).
   rF:        It protects you from fire.
   rC:        It protects you from cold.
   rCorr:     It protects you from acid and corrosion.
 h - a +0 demon trident of electrocution
 m - a +3 dagger of protection
 p - a +2 long sword of protection
 x - a +1 short sword of venom
 M - a +1 short sword of freezing
 O - a +1 halberd of freezing
 R - a +0 scimitar
Missiles
 g - a throwing net
 l - 13 javelins (quivered)
 u - 32 poisoned darts
 E - 10 boomerangs
 K - 3 silver javelins
 X - 4 atropa-tipped darts
Armour
 o - the +1 robe of Vetuwix {Will+ Regen+}
   (You bought it in a shop on level 4 of the Dungeon)

   Regen:     It increases your rate of health regeneration.
   Will:      It increases your willpower.
 C - a +0 kite shield
 L - a +0 cloak (worn)
 P - the +1 leather armour "Gabreez" {rPois Will++ rCorr Int-5}
   (You found it on level 2 of the Lair of Beasts)

   Int:       It affects your intelligence (-5).
   rPois:     It protects you from poison.
   rCorr:     It protects you from acid and corrosion.
   Will:      It greatly increases your willpower.
 U - a +1 ring mail of poison resistance (worn)
Magical Staves
 k - a staff of poison
 y - a staff of fire
Jewellery
 i - a ring of positive energy
 j - a ring of positive energy
 n - a ring of protection from cold
 z - a +6 ring of strength (right hand)
 D - a ring of willpower
 I - a ring of wizardry
 Q - an amulet of the acrobat
 T - the ring of Sophism (left hand) {Drain Str+6 Dex+4 Stlth+}
   (You found it on level 4 of the Lair of Beasts)

   [ring of strength]

   Str:       It affects your strength (+6).
   Dex:       It affects your dexterity (+4).
   Drain:     It drains your maximum health when unequipped.
   Stlth:     It makes you more stealthy.
Wands
 r - a wand of paralysis (12)
 t - a wand of digging (4)
 v - a wand of flame (39)
 V - a wand of polymorph (4)
Scrolls
 e - 11 scrolls of teleportation
 A - a scroll of identify
 J - a scroll of magic mapping
 N - a scroll of vulnerability
 S - a scroll of butterflies
 Y - a scroll of immolation
 Z - a scroll of poison
Potions
 c - a potion of invisibility
 d - 5 potions of curing
 f - 5 potions of flight
 q - a potion of brilliance
 s - a potion of mutation
 w - 2 potions of ambrosia
 H - a potion of cancellation
 W - a potion of haste
Miscellaneous
 F - a phantom mirror


   Skills:
 + Level 9.4 Fighting
 - Level 6.2 Short Blades
 * Level 6.0 Axes
 + Level 9.1 Dodging
 + Level 10.6 Stealth
 + Level 9.0 Spellcasting
 + Level 10.5 Conjurations
 - Level 5.0 Hexes
 + Level 5.7 Translocations


You had 15 spell levels left.
You knew the following spells:

 Your Spells              Type           Power      Damage    Failure   Level
a - Magic Dart            Conj           100%       1d8       1%          1
b - Searing Ray           Conj           100%       2d8       1%          2
c - Dazzling Flash        Conj/Hex       96%        N/A       1%          3
d - Iskenderun's Mystic   Conj/Tloc      50%        2d11      3%          4
e - Blink                 Tloc           76%        N/A       1%          2
f - Fulminant Prism       Conj/Hex       24%        3d13      4%          4

Your spell library contained the following spells:

 Spells                   Type           Power      Damage    Failure   Level
 Static Discharge         Conj/Air       36%        3-8/arc   1%          2
 Manifold Assault         Tloc           38%        N/A       26%         5
 Lightning Bolt           Conj/Air       18%        1d32      30%         5
 Storm Form               Tmut/Air       5%         N/A       100%        7
 Maxwell's Capacitive Co  Air            5%         ∞         100%        8


Dungeon Overview and Level Annotations

Branches:
Dungeon (12/15)            Temple (1/1) D:6            Lair (5/5) D:8
  Swamp (0/4) Lair:3        Snake (0/4) Lair:2
  Slime: Lair:4-5       Orc: D:9-12

Altars:
Ashenzari
Cheibriados
Dithmenos
Fedhas
Gozag
Hepliaklqana
Kikubaaqudgha
Makhleb
Nemelex Xobeh
Okawaru
Qazlal
Ru
Sif Muna
Trog
Uskayaw
Vehumet
Wu Jian
Xom
Yredelemnul

Shops:
D:4 *   D:8 [   D:11 *

Annotations:
D:8 3 runed translucent doors, Ascent's ghost, novice MfGl; Sambug2000's ghost, novice MiFi


Innate Abilities, Weirdness & Mutations

You have a pair of large horns on your head.
You are mostly covered in yellow scales. (AC +3)
A demonic guardian rushes to your aid.
You are mostly covered in sharp spines.
You have sharp toenails.
You are clumsy. (Dex -2)
You passively map a small area around you.


Message History

The mystic blast hits the elephant!
The elephant is moderately wounded.
The mystic blast hits the elephant but does no damage.
The elephant is lightly wounded.
The elephant tramples you.
You stumble backwards!
The elephant is struck by your spines. The elephant barely misses you.
The elephant trunk-slaps you. The elephant misses you. x2
The elephant attacks as you move away! The elephant is struck by your spines.
The elephant tramples you!
The elephant trunk-slaps you but does no damage.
The steam dragon attacks as you move away!
The steam dragon closely misses you. The steam dragon barely misses you.
The snapping turtle bites you from afar!!
A wind drake comes into view.
The steam dragon attacks as you move away!
The steam dragon is struck by your spines.
The steam dragon misses you.
The steam dragon claws you but does no damage.
The steam dragon attacks as you move away!
The steam dragon misses you. The steam dragon barely misses you.
The wind drake flaps its wings at you. The air twists around and strikes you!
Casting: Iskenderun's Mystic Blast (dangerous; 3% risk of failure)
Confirm with . or Enter, or press ? or * to list all spells.
You blink.
You feel stable enough to blink again. The wind drake flaps its wings at you.
The air twists around and strikes you!!
The steam dragon attacks as you move away!
The steam dragon bites you.
* * * LOW HITPOINT WARNING * * *
The steam dragon claws you but does no damage.
The steam dragon breathes steam at you. The ball of steam hits you!
* * * LOW HITPOINT WARNING * * *
A demonic guardian appears!
The wind drake flaps its wings at you. The air twists around and strikes you!!
You die...
Your body crumbles into a pile of gold.

,..##................
....~~.~.k.........P....
*~~##~~#~~.......$.#.....#
*~ ##~~~#...........#...P#
~~~~~~~...t............# ,
~~~~~~~~~....Y.........##
#####~##...3DY....$.....#
~#~##~..Y.§.........#
~~~~.....@......#..# ~
~~~~.~..#..#...##...##
#~#~~#~..#####........# ~
#~~#~~### #....#....#
~~~.~~~P#.##........## ~
~~~~~~~..#.#.....#..#
~##~..........##..## 8
......YY.#....# ~*
#.###........##


You could see 3 elephants, a snapping turtle, a wind drake (repels missiles), a
steam dragon (catching breath) and a friendly soul eater (summoned).

Vanquished Creatures
  Snorg (Lair:3)
  A fire dragon (D:8)
  2 boulder beetles
  A catoblepas (Lair:3)
  4 hydras
  3 two-headed ogres
  7 death yaks
  A sea snake (Lair:5)
  A wizard (D:9)
  Pikel (D:8)
  A harpy (Lair:5)
  A lindwurm (Lair:5)
  A manticore (Lair:5)
  7 elephants
  5 black mambas
  A smoke demon (D:9)
  10 cane toads
  Psyche (D:9)
  2 kobold demonologists
  5 komodo dragons
  An orange demon (D:9)
  2 rime drakes
  A red devil (D:9)
  4 polar bears
  3 trolls
  Prince Ribbit (D:7)
  6 blink frogs
  5 dream sheep (Lair:4)
  2 shadows
  3 wyverns
  Sigmund (D:5)
  2 ynoxinuls (D:9)
  A wraith (D:9)
  32 yaks
  4 steam dragons
  3 basilisks
  A chaos spawn (D:9)
  A neqoxec (D:9)
  6 vampire mosquitoes (Lair:3)
  21 water moccasins
  An ice beast (D:9)
  7 orc warriors
  2 black bears
  5 ogres
  5 centaurs
  18 wolves
  4 lemures (D:8)
  4 kobold brigands
  11 bullfrogs
  3 necrophages
  2 scorpions
  9 wights
  4 killer bees (D:7)
  4 electric eels
  6 howler monkeys
  A crimson imp (D:9)
  2 quasits (D:9)
  A gnoll bouda (D:10)
  2 hounds
  3 jellies
  6 orc priests
  6 iguanas
  6 orc wizards
  7 gnolls
  13 adders
  A shadow imp (D:6)
  2 white imps (D:6)
  4 dart slugs
  51 orcs
  4 ball pythons
  2 bats (D:1)
  5 endoplasms
  5 giant cockroaches
  12 goblins
  9 hobgoblins
  3 jackals (D:3)
  19 kobolds
  5 quokkas
  6 frilled lizards (D:1)
  4 rats
420 creatures vanquished.

Vanquished Creatures (collateral kills)
  A death yak (Lair:3)
  A soul eater (D:9)
  An orc knight (D:11)
  A torpor snail (Lair:3)
  A cane toad (Lair:2)
  A komodo dragon (Lair:4)
  A blink frog (Lair:3)
  3 yaks (Lair:2)
  An acid dragon (D:10)
  An ogre (D:5)
  An orc (D:7)
  A kobold (D:3)
14 creatures vanquished.

Vanquished Creatures (others)
  A demonic plant (D:9)
  3 fulminant prisms
  53 fungi
  81 plants
  4 withered plants (D:8)
142 creatures vanquished.

Grand Total: 576 creatures vanquished

Notes
Turn   | Place    | Note
-------+----------+-------------------------------------------
     0 | D:1      | croobank the Demonspawn Conjurer began the quest for the
                  | Orb.
     0 | D:1      | Reached XP level 1. HP: 13/13 MP: 3/3
   232 | D:1      | Found a faded altar of an unknown god.
   255 | D:1      | Gained mutation: You are partially covered in sharp spines.
                  | [demonic ancestry]
   255 | D:1      | Reached XP level 2. HP: 16/19 MP: 0/5
   965 | D:2      | Learned a level 2 spell: Searing Ray
   981 | D:2      | Reached XP level 3. HP: 24/24 MP: 2/6
  1251 | D:2      | Identified the +5 sling of Cijal {vorpal, rF+ rC+ rCorr
                  | Str-5}
  1791 | D:3      | Learned a level 3 spell: Dazzling Flash
  1795 | D:3      | Gained mutation: You have a pair of small horns on your
                  | head. [demonic ancestry]
  1795 | D:3      | Reached XP level 4. HP: 30/31 MP: 4/7
  1942 | D:2      | Reached skill level 1 in Fighting
  2250 | D:3      | Reached skill level 1 in Short Blades
  2251 | D:3      | Reached XP level 5. HP: 18/37 MP: 2/9
  3306 | D:3      | Found a stormy altar of Qazlal.
  3310 | D:3      | Found an ornate altar of the Wu Jian Council.
  3719 | D:4      | Found a sacrificial altar of Ru.
  3774 | D:4      | Noticed a black bear
  3783 | D:4      | Killed a black bear
  3784 | D:4      | Gained mutation: A weak demonic guardian rushes to your
                  | aid. [demonic ancestry]
  3784 | D:4      | Reached XP level 6. HP: 36/44 MP: 0/10
  4082 | D:4      | Found a bloodstained altar of Trog.
  4342 | D:4      | Found Kaolo's Assorted Antiques.
  4349 | D:4      | Bought a transparent robe for 119 gold pieces
  4349 | D:4      | Identified the +1 robe of Vetuwix {Will+ Regen+} (You
                  | bought it in a shop on level 4 of the Dungeon)
  4799 | D:5      | Entered Level 5 of the Dungeon
  4880 | D:5      | Reached skill level 5 in Conjurations
  4942 | D:5      | Reached XP level 7. HP: 51/51 MP: 12/12
  4961 | D:5      | Noticed Sigmund
  4968 | D:5      | Killed Sigmund
  5581 | D:5      | Gained mutation: You have a pair of horns on your head.
                  | [demonic ancestry]
  5581 | D:5      | Reached XP level 8. HP: 50/58 MP: 8/14
  5625 | D:5      | Found a sparkling altar of Nemelex Xobeh.
  5792 | D:6      | Found a staircase to the Ecumenical Temple.
  5809 | Temple   | Entered the Ecumenical Temple
  6983 | D:7      | Learned a level 2 spell: Blink
  7014 | D:7      | Reached skill level 5 in Stealth
  7015 | D:7      | Noticed Prince Ribbit
  7030 | D:7      | Killed Prince Ribbit
  7031 | D:7      | Reached XP level 9. HP: 11/66 MP: 7/16
  7439 | D:7      | Reached skill level 5 in Spellcasting
  7593 | D:7      | Found a hazy altar of Hepliaklqana.
  7639 | D:7      | Reached skill level 5 in Dodging
  7817 | D:7      | Found a shimmering blue altar of Sif Muna.
  8069 | D:7      | Reached skill level 5 in Fighting
  8243 | D:8      | Found a staircase to the Lair.
  8243 | D:8      | Noticed a fire dragon
  8255 | D:7      | Learned a level 4 spell: Iskenderun's Mystic Blast
  8279 | D:8      | Killed a fire dragon
  8280 | D:8      | Reached skill level 5 in Short Blades
  8550 | D:8      | Found a shimmering altar of Xom.
  8576 | D:8      | Gained mutation: A demonic guardian rushes to your aid.
                  | [demonic ancestry]
  8576 | D:8      | Reached XP level 10. HP: 72/74 MP: 12/18
  8647 | D:8      | Noticed Pikel
  8920 | D:8      | Killed Pikel
  9161 | D:8      | Found Tashrobi's Antique Armour Boutique.
  9377 | D:8      | Found a burning altar of Makhleb.
  9991 | D:8      | Found a runed translucent gate.
  9991 | D:8      | Found a runed translucent gate.
 10080 | D:8      | Found a runed translucent gate.
 10081 | D:8      | Noticed Sambug2000's ghost (novice MiFi)
 10082 | D:8      | Noticed Ascent's ghost (novice MfGl)
 10375 | D:9      | Noticed a soul eater
 10921 | D:9      | Noticed an orange demon
 10939 | D:9      | Killed an orange demon
 11135 | D:9      | Noticed a smoke demon
 11267 | D:9      | Learned a level 4 spell: Fulminant Prism
 11277 | D:9      | HP: 2/77 [smoke demon] (5)]
 11283 | D:9      | Killed a smoke demon
 11284 | D:9      | Gained mutation: You are partially covered in yellow
                  | scales. (AC +2) [demonic ancestry]
 11284 | D:9      | Reached XP level 11. HP: 8/83 MP: 2/21
 11698 | D:9      | Noticed Psyche
 11711 | D:9      | Killed Psyche
 12080 | D:9      | Gained mutation: You are clumsy. (Dex -2) [potion of
                  | mutation]
 12080 | D:9      | Gained mutation: You have hidden genetic potential. [potion
                  | of mutation]
 12080 | D:9      | Gained mutation: You passively map a small area around you.
                  | [potion of mutation]
 12123 | D:9      | Killed a soul eater
 12315 | D:9      | Noticed a wizard
 12323 | D:9      | Killed a wizard
 12324 | D:9      | Reached skill level 1 in Hexes
 12324 | D:9      | Reached skill level 1 in Translocations
 12456 | D:10     | Entered Level 10 of the Dungeon
 12672 | D:10     | Noticed a sixfirhy
 12730 | D:10     | Found a shadowy altar of Dithmenos.
 12732 | D:10     | Noticed a two-headed ogre
 12804 | D:10     | Killed a two-headed ogre
 13020 | D:10     | Found an opulent altar of Gozag.
 13025 | D:10     | Became a worshipper of Gozag Ym Sagoz the Greedy
 13659 | D:11     | Found Pironlou's Elemental Accessories.
 13670 | D:11     | Noticed a two-headed ogre
 13682 | D:11     | Killed a two-headed ogre
 13821 | D:11     | Bought a scroll of identify for 30 gold pieces
 13821 | D:11     | Bought a wand of flame (11) for 115 gold pieces
 13981 | D:11     | Noticed an orc knight
 14294 | D:11     | Killed an orc knight
 14851 | D:11     | Noticed a two-headed ogre
 14851 | D:11     | Noticed a boulder beetle
 14859 | D:11     | Killed a two-headed ogre
 14881 | D:11     | Killed a boulder beetle
 15511 | D:12     | Noticed a two-headed ogre
 15638 | Lair:1   | Entered Level 1 of the Lair of Beasts
 15864 | Lair:1   | Gained mutation: You are mostly covered in yellow scales.
                  | (AC +3) [demonic ancestry]
 15864 | Lair:1   | Reached XP level 12. HP: 92/92 MP: 8/23
 16132 | Lair:1   | Gained mutation: You have sharp toenails. [hidden
                  | potential]
 17043 | Lair:2   | Found a staircase to the Snake Pit.
 17531 | Lair:2   | Noticed a boulder beetle
 17555 | Lair:2   | HP: 3/92 [boulder beetle (12)]
 17556 | Lair:2   | Killed a boulder beetle
 17556 | Lair:2   | HP: 1/92 [yak (3)]
 17727 | Lair:2   | Identified the +1 leather armour "Gabreez" {rPois Will++
                  | rCorr Int-5}
 18914 | Lair:3   | Noticed a death yak
 18914 | Lair:3   | Noticed a death yak
 18941 | Lair:3   | Found a stormy altar of Qazlal.
 18965 | Lair:3   | Noticed a death yak
 18966 | Lair:3   | Noticed a death yak
 18971 | Lair:3   | Reached skill level 1 in Axes
 19718 | Lair:3   | Found a staircase to the Swamp.
 19805 | Lair:3   | Noticed a catoblepas
 19820 | Lair:3   | Killed a catoblepas
 20222 | Lair:3   | Noticed Snorg
 20372 | Lair:3   | Killed Snorg
 20373 | Lair:3   | Gained mutation: You are mostly covered in sharp spines.
                  | [demonic ancestry]
 20373 | Lair:3   | Reached XP level 13. HP: 87/99 MP: 25/25
 20758 | Lair:3   | Reached skill level 5 in Hexes
 21106 | Lair:3   | Gained mutation: You have a pair of large horns on your
                  | head. [hidden potential]
 21106 | Lair:3   | Lost mutation: You have hidden genetic potential. [hidden
                  | potential expressed]
 21929 | Lair:4   | Reached skill level 10 in Stealth
 22467 | Lair:4   | Reached skill level 10 in Conjurations
 22793 | Lair:4   | Identified the ring of Sophism {Drain Str+6 Dex+4 Stlth+}
 22951 | Lair:3   | Reached skill level 5 in Translocations
 24320 | Lair:4   | Reached skill level 5 in Axes
 24519 | Lair:5   | Entered Level 5 of the Lair of Beasts
 26203 | Lair:5   | Reached XP level 14. HP: 100/108 MP: 20/27
 27491 | Lair:5   | Killed from afar by a wind drake

Illustrated notes

Levels and vault maps discovered:
D:1:      sevenhm_arrival_forest_fort_small_4, layout_rooms,
          dreamdust_ecumenical_altar_grove, nicolae_titane
D:2:      layout_rooms, guppyfry_early_orc_mine
D:3:      layout_basic, grunt_temple_overflow_open
D:4:      layout_loops_corners, marbit_many_paths, mainiacjoe_overflow_chevrons,
          serial_shops, nicolae_shop_temple_entry_statues_fountains
D:5:      layout_rooms, nemelex_dance_club_becter, uniq_sigmund
D:6:      layout_loops_corners, temple_fountains
D:7:      layout_loops_cross, led_sif_book,
          mainiacjoe_overflow_concentric_impassable, uniq_prince_ribbit1
D:8:      layout_gridville, nicolae_elyvilon_temple_path, amcnicky_altar_gilded,
          mainiacjoe_overflow_six_doors_small, minmay_lair_entry_lava,
          gammafunk_ghost_cemetery, serial_shops, shop, uniq_pikel
D:9:      layout_roguey, mainiacjoe_overflow_alcove_4, serial_demonic,
          serial_demonic_c, serial_demonic_b, serial_demonic_f,
          serial_demonic_a, lightli_wizard_tower, uniq_psyche
D:10:     layout_roguey, grunt_temple_overflow_gold_and_silver,
          grunt_dithmenos_smoke_and_mirrors, enter_bailey_3
D:11:     layout_basic, gauntlet_entry_generic, special_room [special_room_orc],
          nicolae_elemental_shop, hangedman_decor_opposing
D:12:     cheibrodos_shockbox, layout_loops_ring, zombieorc2_lemuel
Temple:   hellmonk_temple_micro_hex
Lair:1:   layout_regular_city, grunt_megastairs_2, serial_bayou_shore_b
Lair:2:   layout_regular_city, minmay_snake_entry_six_corridors,
          serial_bayou_shore_b, serial_bayou_shore_a, serial_bayou_shore_b,
          grunt_megastairs_5
Lair:3:   layout_layer_cave, minmay_swamp_entry_swarm, basic_altar,
          grunt_megastairs_4, uniq_snorg
Lair:4:   layout_regular_city, minivault_23
Lair:5:   gammafunk_lair_ancient_temple, layout_small_grid,
          nicolae_slime_entry_slimehenge

Skill      XL: |  1  2  3  4  5  6  7  8  9 10 11 12 13 14 |
---------------+-------------------------------------------+-----
Dodging        | 2 3 4 5 6 7 8 9 |  9.1
Stealth        | 2 3 4 5 6 7 8 9 10 | 10.6
Fighting       | 1 2 3 4 5 6 7 8 9 |  9.4
Short Blades   | 1 2 3 5 6 |  6.2
Spellcasting   | 3 4 5 6 7 8 9 |  9.0
Conjurations   | 5 6 7 8 9 10 | 10.5
Hexes          | 3 4 5 |  5.0
Translocations | 2 4 5 |  5.7
Axes           | 2 5 6 |  6.0

Action                   |  1- 3 |  4- 6 |  7- 9 | 10-12 | 13-15 || total
-------------------------+-------+-------+-------+-------+-------++-------
Melee: Dagger            |    22 |    66 |    71 |    89 |       ||   248
       Headbutt          |       |     8 |    14 |    41 |    57 ||   120
       Short sword       |       |    12 |       |       |       ||    12
       Punch             |       |       |     1 |     2 |     2 ||     5
       Demon trident     |       |       |       |    14 |       ||    14
       War axe           |       |       |       |    78 |   162 ||   240
       Kick              |       |       |       |    32 |    70 ||   102
       Staff             |       |       |       |     1 |       ||     1
 Fire: Sling             |       |       |     1 |     1 |    38 ||    40
Throw: Dart              |       |       |     3 |     2 |       ||     5
       Javelin           |       |       |       |     4 |       ||     4
       Throwing net      |       |       |       |     1 |       ||     1
 Cast: Magic Dart        |    42 |    20 |    26 |   111 |    37 ||   236
       Searing Ray       |     4 |    22 |    40 |   121 |    24 ||   211
       Dazzling Flash    |       |       |     4 |     1 |       ||     5
       Iskenderun's Myst |       |       |     1 |    76 |    42 ||   119
       Fulminant Prism   |       |       |       |     1 |     2 ||     3
       Blink             |       |       |       |     7 |    10 ||    17
Invok: Potion Petition   |       |       |       |     1 |       ||     1
Evoke: Wand              |       |       |       |    37 |     1 ||    38
  Use: Scroll            |     1 |    11 |     5 |    16 |     2 ||    35
       Potion            |       |       |     5 |    13 |     3 ||    21
 Stab: Sleeping          |       |     3 |    10 |    11 |     2 ||    26
       Invisible         |       |       |     2 |     1 |       ||     3
       Distracted        |       |       |     1 |       |     3 ||     4
       Paralysed         |       |       |       |     8 |       ||     8
       Petrified         |       |       |       |     2 |       ||     2
Armor: Robe              |     9 |    12 |    53 |    74 |       ||   148
       Leather armour    |       |    14 |       |       |       ||    14
       Ring mail         |       |       |       |    11 |    86 ||    97
Dodge: Dodged            |    13 |    48 |    70 |   236 |   161 ||   528
